 Dungeon Crawl Stone Soup version 0.23-a0-108-gf7ee2ed (webtiles) character file.

126774 tatocazan the Severer (level 16, 0/158 HPs)
             Began as a Deep Dwarf Fighter on Aug 21, 2018.
             Was the Champion of Makhleb.
             Slain by a ghost moth (3 damage)
             ... on level 4 of the Spider Nest on Aug 22, 2018.
             The game lasted 01:54:48 (23737 turns).

tatocazan the Severer (Deep Dwarf Fighter)         Turns: 23737, Time: 01:54:49

Health: 0/158      AC: 27    Str: 17 (20) XL:     16   Next: 44%
Magic:  0/11       EV: 10    Int: 11 (14) God:    Makhleb [******]
Gold:   1874       SH: 11    Dex: 16 (17) Spells: 23/23 levels left

rFire    . . .     SeeInvis .   X - +8 war axe of Iqempica {drain, +Blink MR+ Stlth+}
rCold    + . .     Gourm    .   c - +1 shield
rNeg     + . .     Faith    .   Y - +4 plate armour {rC+}
rPois    +         Spirit   .   g - +0 helmet "Faptawn" {MR+ Int+3}
rElec    .         Reflect  .   R - scarf {repulsion}
rCorr    .         Harm     .   W - +0 pair of gloves
MR       ++++.                  G - +0 pair of boots
Stlth    ..........             (no amulet)
HPRegen  0.00/turn              S - ring of poison resistance
MPRegen  0.12/turn              x - +3 ring of protection

@: berserk cooldown, non-regenerating, slowed, studying Slings, repel missiles,
very slow
A: damage resistance, heal wounds, negative energy resistance 1, sense
surroundings 2, no regeneration
a: Heal Wounds, Minor Destruction, Lesser Servant of Makhleb, Major Destruction,
Greater Servant of Makhleb, Renounce Religion, Evoke Blink


You were on level 4 of the Spider Nest.
You worshipped Makhleb.
Makhleb was exalted by your worship.
You were not hungry.

You visited 5 branches of the dungeon, and saw 28 of its levels.
You also visited: Labyrinth.

You collected 2718 gold pieces.
You spent 844 gold pieces at shops.

Inventory:

Hand Weapons
 a - the +8 battleaxe "Mixtil" {chop, rN+ MR+ Int+3}
   (You found it on level 3 of the Lair of Beasts)

   It inflicts extra damage upon your enemies.
   It affects your intelligence (+3).
   It protects you from negative energy.
   It affects your resistance to hostile enchantments.
 X - the +8 war axe of Iqempica (weapon) {drain, +Blink MR+ Stlth+}
   (You bought it in a shop on level 2 of the Orcish Mines)

   A truly terrible weapon, it drains the life of those it strikes.
   It affects your resistance to hostile enchantments.
   It lets you blink.
   It makes you more stealthy.
Missiles
 J - 13 poisoned javelins (quivered)
Armour
 c - a +1 shield (worn)
 g - the +0 helmet "Faptawn" (worn) {MR+ Int+3}
   (You took it off Robin on level 3 of the Dungeon)

   It affects your intelligence (+3).
   It affects your resistance to hostile enchantments.
 G - a +0 pair of boots (worn)
 R - a scarf of repulsion (worn)
 T - a +2 cloak of invisibility
 W - a +0 pair of gloves (worn)
 Y - a +4 plate armour of cold resistance (worn)
Jewellery
 k - an uncursed ring of protection from fire
 n - a +4 ring of evasion
 p - an uncursed ring of resist corrosion
 t - an uncursed ring of protection from magic
 x - a +3 ring of protection (right hand)
 S - a ring of poison resistance (left hand)
Wands
 r - a wand of disintegration (6)
 v - a wand of polymorph (13)
 w - a wand of flame (117)
 y - a wand of paralysis (72)
 E - a wand of digging (11)
 H - a wand of acid (20)
 M - a wand of clouds (4)
 O - a wand of enslavement (14)
Scrolls
 e - 4 scrolls of fog
 h - 8 scrolls of remove curse
 l - 6 scrolls of magic mapping
 q - a scroll of silence
 s - a scroll of enchant armour
 B - 4 scrolls of teleportation
 C - 2 scrolls of fear
 D - 2 scrolls of amnesia
 I - 6 scrolls of identify
 K - 2 scrolls of enchant weapon
 N - 2 scrolls of vulnerability
Potions
 b - 3 potions of mutation
 d - 2 potions of might
 i - 2 potions of curing
 j - 2 potions of degeneration
 m - 4 potions of brilliance
 o - 2 potions of lignification
 u - 3 potions of haste
 z - 3 potions of invisibility
 A - a potion of agility
 F - 4 potions of flight
 L - 3 potions of ambrosia
 Q - 2 potions of heal wounds
Books
 P - a manual of Slings
Miscellaneous
 Z - a lamp of fire
Comestibles
 f - 39 rations
 U - a chunk of flesh


   Skills:
 * Level 13.8 Fighting
 * Level 16.2 Axes
 + Level 5.2 Throwing
 * Level 13.0 Armour
 * Level 13.0 Dodging
 - Level 6.0 Shields
 - Level 4.0 Spellcasting
 + Level 12.7 Invocations


You had 23 spell levels left.
You didn't know any spells.
Your spell library contained the following spells:

 Spells                   Type           Power        Failure   Level  Hunger
 Corona                   Hex            #......      100%        1    #......
 Sting                    Conj/Pois      #...         100%        1    #......
 Poisonous Vapours        Pois/Air       #.....       100%        2    ##.....
 Slow                     Hex            #.......     100%        2    ##.....
 Inner Flame              Hex/Fire       #.......     100%        3    ###....
 Mephitic Cloud           Conj/Pois/Air  #.......     100%        3    ###....
 Portal Projectile        Hex/Tloc       #.....       100%        3    ###....
 Recall                   Summ/Tloc      N/A          100%        3    ###....
 Animate Dead             Necr           N/A          100%        4    #####..
 Cause Fear               Hex            #.........   100%        4    #####..
 Leda's Liquefaction      Hex/Erth       #.........   100%        4    #####..
 Olgreb's Toxic Radiance  Pois           #.......     100%        4    #####..
 Bolt of Magma            Conj/Fire/Erth #.........   100%        5    ######.
 Borgnjor's Vile Clutch   Necr/Erth      #.........   100%        5    ######.
 Iskenderun's Battlesphe  Conj/Chrm      #.......     100%        5    ######.
 Venom Bolt               Conj/Pois      #.........   100%        5    ######.
 Death Channel            Necr           #.........   100%        6    #######
 Iron Shot                Conj/Erth      #.........   100%        6    #######
 Simulacrum               Ice/Necr       #.........   100%        6    #######
 Orb of Destruction       Conj           #.........   100%        7    #######
 Spellforged Servitor     Conj/Summ      #.........   100%        7    #######


Dungeon Overview and Level Annotations

Branches:
Dungeon (15/15)            Temple (1/1) D:4            Lair (6/6) D:8
  Swamp (0/4) Lair:4       Spider (4/4) Lair:2        Slime (0/5) Lair:6
    Orc (2/2) D:10            Elf (0/3) Orc:2        Vaults (0/5) D:14
 Depths (0/5) D:15

Altars:
Ashenzari
Cheibriados
Dithmenos
Elyvilon
Fedhas
Gozag
Hepliaklqana
Kikubaaqudgha
Makhleb
Nemelex Xobeh
Okawaru
Qazlal
Ru
Sif Muna
Trog
Uskayaw
Vehumet
Wu Jian
Xom
Yredelemnul
Zin
The Shining One
Beogh
Jiyva

Shops:
D:4 *:(!   D:8 }   D:11 *   D:13 %   Orc:1 }   Orc:2 *([:

Annotations:
Lair:5 planta culia, exclusion: 4 oklob plants
Lair:6 exclusion: oklob plant


Innate Abilities, Weirdness & Mutations

You are resistant to damage.
You can heal yourself by infusing magical energy.
You resist negative energy. (rN+)
You passively map the area around you.
You do not regenerate.


Message History

You feel you are being watched by something.
The emperor scorpion stings you!!
* * * LOW HITPOINT WARNING * * *
You block the emperor scorpion's attack.
The emperor scorpion closely misses you.
You feel you are being watched by something.
Your magical essence is drained by the effort!
You feel much better. The emperor scorpion stings you!!
* * * LOW HITPOINT WARNING * * *
You block the emperor scorpion's attack.
The emperor scorpion claws you but does no damage.
The moth of wrath goads the emperor scorpion on!
The emperor scorpion goes berserk!
The emperor scorpion completely misses you.
The emperor scorpion claws you!
* * * LOW HITPOINT WARNING * * *
The emperor scorpion barely misses you.
You feel you are being watched by something.
Something hits you!
You die...

** , , , , ,,,, * ,
*, *, , ,* , * , , ,
, , , ####### * * *
###...ys### ,
######.†.@ssss†#** ,
###^...^.†####ss.≈..#
#≈.....#### ##......#
##..≈#### ,, .≈...≈.
, * * ##....# , ≈
≈≈...### ≈ #≈....# ≈
≈ , ≈...≈. .
#....≈##,, ≈≈ ..≈.##
, .#*#.≈..≈≈#### *###
, , ..*##.†..≈≈≈≈# *
,, ,*


You could see 4 emperor scorpions, a moth of wrath, an orb spider, a jumping
spider and a redback (berserk).

Vanquished Creatures
  Gastronok (D:8)
  Frances (D:14)
  The ghost of Trees the Fencer, an adept DsGl of Gozag (Spider:3)
  5 emperor scorpions
  An orc warlord (Orc:1)
  2 ghost moths (Spider:4)
  2 entropy weavers
  A minotaur (Lab)
  An ettin (Orc:1)
  Josephine (Orc:1)
  A catoblepas (Lair:6)
  A centaur warrior (D:14)
  3 vault guards (D:14)
  2 two-headed ogres (D:15)
  An ogre mage (D:15)
  8 orc high priests
  A glowing orange brain (D:15)
  2 orc knights (Orc:2)
  Pikel (D:8)
  10 orb spiders
  19 wolf spiders
  4 orc sorcerers
  6 ugly things
  6 cyclopes
  2 manticores
  10 elephants
  5 torpor snails
  A centaur zombie (D:14)
  Joseph (D:7)
  4 moths of wrath
  16 spiny frogs
  6 demonic crawlers
  A tengu conjurer (D:15)
  7 komodo dragons
  2 rime drakes (Lair:6)
  25 jumping spiders
  7 trolls
  A hornet (shapeshifter) (D:15)
  15 tyrant leeches
  3 slime creatures (D:15)
  4 hornets
  10 blink frogs (Lair:6)
  2 dream sheep (Lair:2)
  8 hippogriffs
  18 tarantellas
  28 yaks
  4 wraiths (Orc:1)
  A wyvern (shapeshifter) (D:15)
  68 redbacks
  2 shadows
  4 hogs (D:7)
  A human (D:7)
  A wyvern (D:10)
  A hog (shapeshifter) (D:14)
  3 fire bats (Lair:3)
  Grum (D:8)
  8 vampire mosquitoes
  3 basilisks
  3 hungry ghosts
  2 swamp worms (Spider:2)
  A soldier ant (D:12)
  5 wargs
  15 water moccasins
  6 porcupines
  22 orc warriors
  An eye of draining (shapeshifter) (D:15)
  A slave (D:8)
  5 necrophages
  An eye of draining (D:14)
  An ice beast (D:9)
  3 sky beasts
  A black bear (Lair:2)
  7 wolves
  8 ogres
  A phantom (D:8)
  13 centaurs
  12 crocodiles
  3 big kobolds
  19 bullfrogs
  2 wyvern zombies
  4 scorpions
  10 killer bees
  5 wights (D:8)
  3 vampire bats (D:3)
  A howler monkey (D:11)
  An electric eel (Spider:1)
  12 crimson imps
  7 jellies
  2 quasits
  A bullfrog zombie (D:5)
  4 hounds
  A bullfrog skeleton (D:12)
  19 orc priests
  2 centaur skeletons
  9 iguanas
  28 orc wizards
  12 worker ants
  A hound zombie (D:6)
  A hound skeleton (D:6)
  A mummy (D:8)
  A worker ant zombie (D:7)
  Robin (D:3)
  10 adders
  19 gnolls
  A gnoll (shapeshifter) (D:15)
  4 shadow imps
  An adder zombie (D:5)
  4 adder skeletons
  4 worms
  5 dart slugs
  5 leopard geckos
  66 orcs
  3 bat skeletons (D:3)
  3 bat zombies (D:3)
  10 giant cockroaches
  16 goblins
  10 hobgoblins
  6 jackals (D:6)
  4 quokkas
  A ball python (D:2)
  5 bats
  2 frilled lizards
  A jackal skeleton (D:4)
  A jackal zombie (D:5)
  24 kobolds
  A leopard gecko zombie (D:7)
  A quokka zombie (D:8)
  9 rats
  9 fungi
  4 plants
841 creatures vanquished.

Vanquished Creatures (collateral kills)
  The ghost of CelticWarrior the Impaler, a journeyman GrFi of Trog (Spider:3)
  7 hydras
  A vault guard (D:14)
  A centaur warrior (D:15)
  3 two-headed ogres
  A tengu warrior (D:15)
  Sonja (D:10)
  An unseen horror (D:11)
  An orc sorcerer (Orc:2)
  A cyclops (D:11)
  2 elephants
  A black mamba (Lair:6)
  7 spiny frogs
  A rime drake (Lair:5)
  A centaur skeleton (D:15)
  A torpor snail (Lair:2)
  2 tyrant leeches
  A blink frog (Lair:6)
  2 tarantellas (Spider:3)
  A redback (Spider:3)
  8 yaks
  2 vampire mosquitoes (Lair:6)
  3 water moccasins
  2 porcupines
  An orc warrior (D:10)
  A wolf (Lair:4)
  3 crocodiles
  4 bullfrogs
  An electric eel (Spider:4)
  A quasit (D:11)
  A hound (D:11)
  2 orc wizards (D:10)
  An adder (D:9)
  6 orcs
  A withered plant (Spider:3)
74 creatures vanquished.

Vanquished Creatures (others)
  Nikola (Spider:3)
  A redback (Spider:3)
  2 tarantellas
  19 fungi
  41 plants
64 creatures vanquished.

Grand Total: 979 creatures vanquished

Notes
Turn   | Place    | Note
-------+----------+-------------------------------------------
     0 | D:1      | tatocazan the Deep Dwarf Fighter began the quest for the Orb.
     0 | D:1      | Reached XP level 1. HP: 20/20 MP: 1/1
    68 | D:1      | Reached XP level 2. HP: 20/27 MP: 2/2
   121 | D:1      | Reached skill level 3 in Axes
   327 | D:1      | Reached skill level 1 in Spellcasting
   499 | D:2      | Found an iron altar of Okawaru.
   505 | D:2      | Reached XP level 3. HP: 19/33 MP: 4/4
   719 | D:2      | Reached skill level 4 in Axes
   827 | D:2      | Reached XP level 4. HP: 22/40 MP: 6/6
  1117 | D:3      | Noticed a hippogriff
  1136 | D:3      | Killed a hippogriff
  1136 | D:3      | Reached skill level 5 in Axes
  1136 | D:3      | Reached XP level 5. HP: 21/46 MP: 6/8
  1239 | D:3      | Reached XP level 6. HP: 31/55 MP: 8/8
  1256 | D:3      | Reached skill level 6 in Axes
  1550 | D:3      | Noticed Robin
  1560 | D:3      | Killed Robin
  1577 | D:3      | Got a slimy helmet
  1783 | D:3      | Found an ancient bone altar of Kikubaaqudgha.
  1796 | D:3      | Reached skill level 7 in Axes
  1802 | D:3      | Reached XP level 7. HP: 20/61 MP: 10/10
  2086 | D:4      | Identified the cursed +0 helmet "Faptawn" {MR+ Int+3} (You took it off Robin on level 3 of the Dungeon)
  2088 | D:4      | Found a staircase to the Ecumenical Temple.
  2096 | Temple   | Entered the Ecumenical Temple
  2521 | D:4      | Found Josieda's Distillery.
  2530 | D:4      | Bought a potion of haste for 110 gold pieces
  2563 | D:4      | Found Lustrudun's General Store.
  2570 | D:4      | Reached skill level 8 in Axes
  2577 | D:4      | Found Ochum's Book Shoppe.
  2580 | D:4      | Upgraded the game from 0.23-a0-106-g63f3d0b to 0.23-a0-108-gf7ee2ed
  2608 | D:4      | Found a hazy altar of Hepliaklqana.
  2649 | D:4      | Found Gaquqi Mish's Weapon Shoppe.
  2974 | D:5      | Entered Level 5 of the Dungeon
  3182 | D:5      | Reached skill level 9 in Axes
  3272 | D:5      | Reached XP level 8. HP: 52/68 MP: 10/10
  3409 | D:5      | Reached skill level 10 in Axes
  3949 | D:6      | Reached skill level 11 in Axes
  4066 | D:6      | Found a bloodstained altar of Trog.
  4101 | D:6      | Found a basalt altar of Yredelemnul.
  4183 | D:6      | Found a burning altar of Makhleb.
  4289 | D:6      | Became a worshipper of Makhleb the Destroyer
  4475 | D:7      | Reached skill level 12 in Axes
  4475 | D:7      | Gained mutation: You passively map the area around you. [Deep Dwarf growth]
  4475 | D:7      | Reached XP level 9. HP: 40/74 MP: 9/9
  4476 | D:7      | Reached skill level 1 in Invocations
  4838 | D:7      | Noticed Joseph
  4857 | D:7      | Killed Joseph
  4857 | D:7      | Reached skill level 5 in Fighting
  5300 | D:7      | Reached * piety under Makhleb
  5301 | D:7      | Reached skill level 5 in Invocations
  5659 | D:8      | Reached XP level 10. HP: 42/91 MP: 8/8
  5753 | D:8      | Reached ** piety under Makhleb
  5869 | D:8      | Noticed Gastronok
  5901 | D:8      | Killed Gastronok
  5964 | D:8      | Noticed Grum
  5971 | D:8      | Killed Grum
  6021 | D:8      | Found a staircase to the Lair.
  6054 | D:8      | Found Ruattil's Gadget Shoppe.
  6108 | D:8      | Reached skill level 10 in Fighting
  6243 | D:8      | Noticed Pikel
  6258 | D:8      | Killed Pikel
  6316 | D:8      | Found an opulent altar of Gozag.
  6324 | D:8      | Found a snail-covered altar of Cheibriados.
  6462 | D:8      | Found a deep blue altar of Sif Muna.
  6560 | D:8      | Reached XP level 11. HP: 56/110 MP: 9/9
  6660 | D:8      | Found a glowing golden altar of the Shining One.
  6660 | D:8      | Found a glowing silver altar of Zin.
  6872 | D:9      | Reached *** piety under Makhleb
  6912 | D:9      | Noticed a two-headed ogre
  6919 | D:9      | Killed a two-headed ogre
  7142 | D:9      | Found a blossoming altar of Fedhas.
  7145 | D:9      | Found a stormy altar of Qazlal.
  7520 | D:10     | Entered Level 10 of the Dungeon
  7703 | D:10     | Noticed a two-headed ogre
  7715 | D:10     | Killed a two-headed ogre
  7728 | D:10     | Noticed Sonja
  7730 | D:10     | Killed Sonja
  7786 | D:10     | Found a staircase to the Orcish Mines.
  7846 | D:10     | Found a roughly hewn altar of Beogh.
  8690 | D:11     | Noticed a white ugly thing
  8707 | D:11     | Killed a purple ugly thing
  8707 | D:11     | Reached skill level 1 in Dodging
  8741 | D:11     | Killed an unseen horror
  8776 | D:11     | Found Ryegoqes's Assorted Antiques.
  8783 | D:11     | Bought a scroll labeled MYDI SEARPHOPN for 25 gold pieces
  9440 | D:11     | HP: 3/114 [cyclops (19)]
  9724 | Lair:1   | Entered Level 1 of the Lair of Beasts
  9973 | Lair:1   | Reached skill level 5 in Armour
 10257 | Lair:2   | Noticed a five-headed hydra
 10268 | Lair:2   | Killed a five-headed hydra
 10271 | Lair:2   | Noticed a seven-headed hydra
 10279 | Lair:2   | Killed a seven-headed hydra
 10505 | Lair:2   | Reached XP level 12. HP: 56/122 MP: 12/12
 10733 | Lair:2   | Found a hole to the Spider Nest.
 11188 | Lair:3   | Noticed an eight-headed hydra
 11200 | Lair:2   | Reached skill level 5 in Dodging
 11499 | Lair:3   | Got a pitted war axe
 11500 | Lair:3   | Identified the +1 war axe of the Grave {holy, +Blink MR++ Int-5} (You found it on level 3 of the Lair of Beasts)
 11910 | Lair:3   | Killed an eight-headed hydra
 12261 | Lair:3   | Got a shimmering battleaxe
 12267 | Lair:3   | Identified the +8 battleaxe "Mixtil" {chop, rN+ MR+ Int+3} (You found it on level 3 of the Lair of Beasts)
 12749 | Lair:4   | Reached skill level 10 in Invocations
 12910 | Lair:4   | Found a staircase to the Swamp.
 13323 | Lair:5   | Noticed a five-headed hydra
 13335 | Lair:5   | Killed a five-headed hydra
 13562 | Lair:5   | Reached XP level 13. HP: 129/129 MP: 10/10
 13630 | Lair:5   | Found a labyrinth entrance.
 13713 | Lab      | Entered a labyrinth
 15054 | Lab      | Noticed a minotaur
 15072 | Lab      | Killed a minotaur
 15079 | Lab      | Got a brightly glowing brass ring
 15579 | Lair:6   | Entered Level 6 of the Lair of Beasts
 15596 | Lair:6   | Found a runed door.
 15597 | Lair:6   | Found a viscous altar of Jiyva.
 15601 | Lair:6   | Found a staircase to the Slime Pits.
 15699 | Lair:6   | Reached skill level 10 in Armour
 15876 | Lair:6   | Reached skill level 10 in Dodging
 16090 | Lair:6   | Reached **** piety under Makhleb
 16221 | Lair:6   | Got a steaming ring mail
 16232 | Lair:6   | Identified the +0 ring mail "Norhedgh" {*Slow rPois rN++ SInv} (You found it on level 6 of the Lair of Beasts)
 16513 | Lair:6   | Identified the ring of Qaacw {*Tele rF+ Dex+3 SInv} (You found it in a labyrinth)
 16716 | Orc:1    | Entered Level 1 of the Orcish Mines
 16720 | Orc:1    | Noticed an ettin
 16728 | Orc:1    | Killed an ettin
 16771 | Orc:1    | Reached skill level 13 in Axes
 16802 | Orc:1    | Noticed Josephine
 16813 | Orc:1    | Killed Josephine
 16836 | Orc:1    | Gained mutation: You resist negative energy. (rN+) [Deep Dwarf growth]
 16836 | Orc:1    | Reached XP level 14. HP: 138/138 MP: 11/11
 17069 | Orc:2    | Entered Level 2 of the Orcish Mines
 17089 | Orc:2    | Reached ***** piety under Makhleb
 17131 | Orc:2    | Found Hieheptu's Antique Weapon Shop.
 17166 | Orc:2    | Found a staircase to the Elven Halls.
 17167 | Orc:2    | Bought a warped war axe for 289 gold pieces
 17167 | Orc:2    | Identified the +8 war axe of Iqempica {drain, +Blink MR+ Stlth+} (You bought it in a shop on level 2 of the Orcish Mines)
 17222 | Orc:2    | Noticed an orc warlord
 17222 | Orc:2    | Found Boedwoiwyl's General Store.
 17258 | Orc:1    | Killed an orc warlord
 17347 | Orc:2    | Bought a wand of digging (11) for 420 gold pieces
 17474 | Orc:2    | Found Jafuores's Antique Armour Emporium.
 17594 | Orc:2    | Found Dekhat's Book Shop.
 17829 | Orc:1    | Found Gaezxom's Gadget Boutique.
 18897 | D:13     | Reached skill level 14 in Axes
 18926 | D:13     | Found Ogrea's Food Boutique.
 19320 | D:14     | Found a gate to the Vaults.
 19342 | D:14     | Reached skill level 1 in Throwing
 19432 | D:14     | Noticed Frances
 19451 | D:14     | Killed Frances
 19974 | D:15     | Entered Level 15 of the Dungeon
 20077 | D:15     | Found a glowing golden altar of the Shining One.
 20107 | D:15     | Reached XP level 15. HP: 146/146 MP: 12/12
 20221 | D:15     | Reached ****** piety under Makhleb
 20240 | D:15     | Reached skill level 5 in Shields
 20445 | D:15     | Found a staircase to the Depths.
 20534 | D:15     | Reached skill level 15 in Axes
 20969 | Spider:1 | Entered Level 1 of the Spider Nest
 22615 | Spider:3 | Noticed Nikola
 22644 | Spider:3 | Killed Nikola
 22745 | Spider:3 | Reached XP level 16. HP: 93/157 MP: 13/13
 22941 | Spider:3 | Found a runed gate.
 22941 | Spider:3 | Found a runed gate.
 23127 | Spider:3 | Found a runed gate.
 23128 | Spider:3 | Noticed CelticWarrior's ghost (journeyman GrFi)
 23129 | Spider:3 | Noticed Trees's ghost (adept DsGl)
 23148 | Spider:3 | Killed CelticWarrior's ghost
 23160 | Spider:3 | Killed Trees's ghost
 23160 | Spider:3 | Reached skill level 16 in Axes
 23176 | Spider:3 | Got a polished hat
 23177 | Spider:3 | Identified the +1 hat of Bobaong {Int+4} (You found it on level 3 of the Spider Nest)
 23371 | Spider:4 | Entered Level 4 of the Spider Nest
 23497 | Spider:4 | Reached skill level 5 in Throwing
 23732 | Spider:4 | HP: 7/237 [emperor scorpion (5)]
 23737 | Spider:4 | HP: 3/158 [emperor scorpion (9)]
 23737 | Spider:4 | Slain by a ghost moth

Vault maps used:
D:1:      dpeg_arrival_pits, serial_glass, glass_columns_c, glass_columns_b
D:2:      lemuel_crystal_altar, serial_bayou_lake_a
D:3:      kennysheep_vampire_church, uniq_robin
D:4:      minmay_wonky_spiral, overflow_temple_1_default,
          minmay_temple_entry_grid, enter_ossuary_1, serial_shops, shop,
          kennysheep_mini_moat, shop, nicolae_shop_crystal
D:5:      first_ration
D:6:      bloody_trog, makhleb_blood_cavern_becter, basic_altar
D:7:      grunt_livestock, uniq_joseph
D:8:      tgw_sif, slow_altar_2, nicolae_overflow_hidden_temple,
          grunt_lair_entry_orc_guard_hut, serial_undead, serial_undead_b,
          serial_undead_b, serial_undead_d, serial_undead_a, serial_shops,
          shop_fountains, uniq_pikel, uniq_gastronok, uniq_grum
D:9:      grunt_temple_overflow_forces_of_nature
D:10:     minmay_orc_entry_temple_small, uniq_sonja
D:11:     serial_shops, nicolae_shop_waterfront, due_unseen_surprise
D:13:     serial_shops, shop
D:14:     lightli_vaults_fourway_checkpoint, serial_bayou_pond_d, uniq_frances
D:15:     gammafunk_enter_depths_forms, tso_metal_star,
          statue_in_the_mist_lemuel, hangedman_decor_slide_cut,
          kennysheep_pointless_box
Temple:   jpeg_temple_alley_garden
Lair:2:   dummy_spider_entry, serial_bayou_shore_b
Lair:3:   nicolae_volcano_entry_batcave
Lair:4:   minmay_swamp_entry_reptiles, grunt_megastairs_4,
          infiniplex_staircase_pool
Lair:5:   lab_entry_generic, beast_lair_carwin_2, minmay_lair_oklob_chamber
Lair:6:   minmay_lair_end_frog_pond, slime_altar_2, st_stairs_12,
          lemuel_oklob_altar
Spider:2: worms_lemuel
Spider:3: gammafunk_ghost_cemetery, uniq_nikola
Spider:4: grunt_spider_rune_circles, nicolae_spider_stair_cavern, uniq_louise
Orc:1:    serial_shops, shop_fountains, uniq_josephine
Orc:2:    grunt_orc_gardens, grunt_orc_garden, grunt_orc_garden,
          grunt_orc_garden, grunt_orc_garden
Lab:      labyrinth_spiral

Skill      XL: |  1  2  3  4  5  6  7  8  9 10 11 12 13 14 15 16 |
---------------+-------------------------------------------------+-----
Axes           | 3 4 5 7 9 12 13 14 15 16 | 16.2
Spellcasting   | 1 2 3 4 |  4.0
Fighting       | 6 10 12 13 | 13.8
Invocations    | 6 8 10 11 12 | 12.7
Dodging        | 4 8 11 12 13 | 13.0
Armour         | 5 9 11 12 13 | 13.0
Throwing       | 2 4 5 |  5.2
Shields        | 4 6 |  6.0

Action                   |  1- 3 |  4- 6 |  7- 9 | 10-12 | 13-15 | 16-18 || total
-------------------------+-------+-------+-------+-------+-------+-------++-------
Melee: War axe           |   113 |   178 |   447 |   501 |   957 |   256 ||  2452
       Hand axe          |       |       |       |   171 |       |       ||   171
       Whip              |       |       |       |   312 |       |       ||   312
       Battleaxe         |       |       |       |   126 |   313 |       ||   439
Throw: Tomahawk          |       |       |     1 |       |     1 |       ||     2
       Javelin           |       |       |       |       |     1 |       ||     1
Invok: Minor Destruction |       |       |       |    19 |     1 |       ||    20
       Lesser Servant of |       |       |       |    35 |    20 |     4 ||    59
       Major Destruction |       |       |       |       |     6 |       ||     6
       Greater Servant o |       |       |       |       |     3 |     2 ||     5
 Abil: Heal Wounds       |     2 |     4 |    21 |    30 |    12 |     6 ||    75
       Evoke Blink       |       |       |       |     1 |       |       ||     1
       Evoke Invisibilit |       |       |       |     1 |       |       ||     1
  Use: Scroll            |       |     1 |    10 |    14 |     9 |     1 ||    35
       Potion            |       |       |     2 |     3 |     5 |     2 ||    12
 Stab: Distracted        |       |       |       |     2 |     8 |     5 ||    15
       Petrifying        |       |       |       |       |     1 |       ||     1
  Eat: Chunk             |       |     4 |     9 |    25 |    24 |     4 ||    66
       Ration            |       |       |     1 |     2 |     2 |       ||     5
Armor: Scale mail        |    41 |   109 |   137 |    32 |       |       ||   319
       Plate armour      |       |       |       |   469 |   668 |   293 ||  1430
       Ring mail         |       |       |       |       |     1 |       ||     1
       Skin              |       |       |       |       |     1 |       ||     1
Dodge: Dodged            |    34 |    69 |   133 |   422 |   736 |   178 ||  1572
       Deflected         |       |       |       |       |    12 |       ||    12
Block: Shield            |    49 |   117 |   241 |   450 |   533 |   232 ||  1622

Table legend:
 A = Non-vault XP
 B = Vault XP
 C = Vault XP percentage of total XP
 D = Non-vault monster count
 E = Vault monster count
 F = Vault count percentage of total count
                 A         B        C        D         E       F
            +---------+---------+-------+---------+---------+-------
      Total |  111502 |   69604 |  38.4 |     674 |     228 |  25.3
            +---------+---------+-------+---------+---------+-------
        D:1 |      39 |       0 |   0.0 |      22 |       0 |   0.0
        D:2 |     138 |       0 |   0.0 |      25 |       0 |   0.0
        D:3 |     419 |     214 |  33.8 |      35 |      19 |  35.2
        D:4 |     179 |      82 |  31.4 |      12 |       4 |  25.0
        D:5 |     702 |       2 |   0.3 |      25 |       1 |   3.8
        D:6 |     572 |     146 |  20.3 |      25 |       2 |   7.4
        D:7 |     952 |    1436 |  60.1 |      22 |       6 |  21.4
        D:8 |    1410 |    4900 |  77.7 |      34 |      22 |  39.3
        D:9 |    2033 |       0 |   0.0 |      29 |       0 |   0.0
       D:10 |    2184 |     699 |  24.2 |      31 |       9 |  22.5
       D:11 |    3267 |       0 |   0.0 |      27 |       0 |   0.0
       D:12 |     612 |       0 |   0.0 |       6 |       0 |   0.0
       D:13 |    1393 |       0 |   0.0 |       4 |       0 |   0.0
       D:14 |    8352 |    6416 |  43.4 |      40 |      13 |  24.5
       D:15 |    8387 |    2381 |  22.1 |      19 |       7 |  26.9
     Lair:1 |     959 |       0 |   0.0 |       8 |       0 |   0.0
     Lair:2 |    4208 |       0 |   0.0 |      15 |       0 |   0.0
     Lair:3 |    3521 |     600 |  14.6 |      16 |       3 |  15.8
     Lair:4 |    5398 |     874 |  13.9 |      22 |       6 |  21.4
     Lair:5 |    4118 |    2353 |  36.4 |      22 |       9 |  29.0
     Lair:6 |    6596 |   11126 |  62.8 |      23 |      49 |  68.1
   Spider:1 |   17070 |       0 |   0.0 |      48 |       0 |   0.0
   Spider:2 |    9587 |    5681 |  37.2 |      29 |      18 |  38.3
   Spider:3 |   16797 |    5500 |  24.7 |      53 |       3 |   5.4
   Spider:4 |    6350 |   11829 |  65.1 |      15 |      24 |  61.5
      Orc:1 |    3686 |    5958 |  61.8 |      33 |      12 |  26.7
      Orc:2 |    2573 |    8760 |  77.3 |      34 |      20 |  37.0
        Lab |       0 |     647 | 100.0 |       0 |       1 | 100.0
            +---------+---------+-------+---------+---------+-------
